 Dungeon Crawl Stone Soup version 0.24.1 (webtiles) character file.

Game seed: 2297589765657916042, levelgen mode: deterministic

52902 jasujeong the Thaumaturge (level 14, 0/94 HPs)
             Began as a Deep Elf Fire Elementalist on Mar 28, 2020.
             Was an Elder of Sif Muna.
             Slain by a death yak (21 damage)
             ... in a Gauntlet.
             The game lasted 01:24:25 (21674 turns).

jasujeong the Thaumaturge (DEFE)                   Turns: 21674, Time: 01:24:26

Health: 0/94       AC:  9    Str:  9    XL:     14   Next: 28%
Magic:  11/33      EV: 13    Int: 22    God:    Sif Muna [****..]
Gold:   1015       SH:  0    Dex: 15    Spells: 12/39 levels left

rFire    + . .     SeeInvis +   a - +2 rapier (elec)
rCold    . . .     Gourm    .   (no shield)
rNeg     . . .     Faith    .   (no armour)
rPois    .         Spirit   .   j - +1 helmet {SInv}
rElec    .         Reflect  .   J - +1 cloak {MR+}
rCorr    .         Harm     .   m - +0 pair of gloves
MR       ++...     NoTele   +   i - +1 pair of boots
Stlth    ++........             (no amulet)
HPRegen  0.25/turn              g - ring of fire
MPRegen  0.23/turn              D - ring of protection from cold

@: very slightly contaminated, invisible
A: robust 2, MP-powered wands
a: Channel Magic, Forget Spell, Divine Exegesis, Renounce Religion


You were in a Gauntlet.
You worshipped Sif Muna.
Sif Muna was greatly pleased with you.
You were not hungry.

You visited 2 branches of the dungeon, and saw 18 of its levels.
You also visited: Gauntlet.

You collected 1155 gold pieces.
You spent 140 gold pieces at shops.

Inventory:

Hand Weapons
 a - a +2 rapier of electrocution (weapon)
 L - a +1 scimitar of flaming
 R - a +0 dagger of venom
Missiles
 d - 25 boomerangs (quivered)
 t - 44 poisoned darts
 Z - 4 curare-tipped darts
Armour
 i - a +1 pair of boots (worn)
 j - a +1 helmet of see invisible (worn)
 m - a +0 pair of gloves (worn)
 q - a +2 helmet
 r - a cursed +0 chain mail
 J - a +1 cloak of magic resistance (worn)
 Y - +0 ice dragon scales
Magical Staves
 b - an uncursed staff of fire
Jewellery
 g - a ring of fire (left hand)
 u - an uncursed ring of protection from fire
 D - a ring of protection from cold (right hand)
Wands
 x - a wand of digging (4)
 I - a wand of flame (34)
 O - a wand of enslavement (12)
Scrolls
 h - 2 scrolls of blinking
 s - 3 scrolls of fear
 v - 8 scrolls of remove curse
 y - 2 scrolls of amnesia
 F - a scroll of identify
 G - a scroll of random uselessness
 N - 4 scrolls of teleportation
Potions
 e - a potion of agility
 f - a potion of resistance
 k - 3 potions of lignification
 l - 5 potions of flight
 n - 5 potions of brilliance
 p - 2 potions of berserk rage
 w - 4 potions of might
 A - 2 potions of ambrosia
 E - a potion of haste
 K - 5 potions of curing
 M - a potion of magic
 S - 3 potions of cancellation
 U - a potion of heal wounds
Miscellaneous
 P - a lamp of fire
 V - a sack of spiders
Comestibles
 c - 31 rations


   Skills:
 - Level 5.8 Fighting
 - Level 4.9 Short Blades
 - Level 1.1 Throwing
 + Level 11.4 Armour
 - Level 2.4 Dodging
 - Level 2.4 Stealth
 - Level 13.0 Spellcasting
 - Level 9.8 Conjurations
 - Level 4.1 Summonings
 - Level 11.0 Fire Magic
 - Level 1.9 Ice Magic
 - Level 2.5 Air Magic
 * Level 4.1 Invocations


You had 12 spell levels left.
You knew the following spells:

 Your Spells              Type           Power        Failure   Level  Hunger
a - Flame Tongue          Conj/Fire      #####        1%          1    None
b - Conjure Flame         Conj/Fire      ######..     1%          3    None
c - Sticky Flame          Conj/Fire      ######..     1%          4    None
d - Fireball              Conj/Fire      ######....   1%          5    ###....
e - Call Canine Familiar  Summ           ####....     2%          3    None
f - Summon Lightning Spi  Summ/Air       ####....     11%         4    None
g - Throw Icicle          Conj/Ice       #####...     3%          4    None
h - Inner Flame           Hex/Fire       ######..     1%          3    None

Your spell library contained the following spells:

 Spells                   Type           Power        Failure   Level  Hunger
 Summon Small Mammal      Summ           ####         1%          1    None
 Call Imp                 Summ           ####....     1%          2    None
 Throw Flame              Conj/Fire      ######       1%          2    None
 Summon Guardian Golem    Hex/Summ       ###.....     5%          3    None
 Summon Ice Beast         Ice/Summ       ####....     13%         4    None
 Summon Demon             Summ           ####......   22%         5    ###....


Dungeon Overview and Level Annotations

Branches:
Dungeon (14/15)            Temple (0/1) D:4            Lair (4/6) D:9
  Swamp (0/4) Lair:3       Spider (0/4) Lair:3          Orc (0/2) D:9
Gauntlet (1/1)
 Vaults: D:13-14

Altars:
Ashenzari
Dithmenos
Fedhas
Kikubaaqudgha
Nemelex Xobeh
Okawaru
Sif Muna
Trog
Xom
Yredelemnul
Zin

Shops:
D:13 *

Annotations:
D:1 exclusion: downstairs
D:2 Sigmund
D:3 exclusion: downstairs
D:7 exclusion: downstairs
D:11 exclusions: door and 1 more exclusion
D:14 exclusion: phantasmal warrior
Lair:1 exclusion: downstairs
Lair:2 exclusion: 2 downstairs
Lair:3 2 transporters, Feulaj's ghost, journeyman MiBe Gauntlet 9 transporters, exclusion: lightning spire


Innate Abilities, Weirdness & Mutations

You are very robust. (+20% HP)
You expend magic power (3 MP) to strengthen your wands.


Message History

The death yak closely misses you.
Casting: Sticky Flame (safe; 1% risk of failure)
Confirm with . or Enter, or press ? or * to list all spells.
Aiming: Sticky Flame (safe; 1% risk of failure)
Press: ? - help, Shift-Dir - straight line, f - death yak, p - death yak
Aim: a death yak (lightly wounded)
You feel a surge of power!
The sticky flame hits the death yak.
The death yak is lightly wounded.
The death yak is covered in liquid flames!
The death yak burns! x2
The death yak is engulfed in blazing flames.
The death yak gores you!
* * * LOW HITPOINT WARNING * * *
The death yak misses you.
The death yak burns! x2
The death yak is engulfed in blazing flames.
You hit the death yak.
The death yak is moderately wounded.
The death yak burns! x2; The death yak gores you!!
You die...

########################
......................≈#
.......................#
#######...###########..###
.#..#[#.8.#.......^.#..#8#
#P.#..#...#.#....^#.#..###
P.#..######..##.##.[#..#####
.#P.#.#...#..##§##.=#..#≈8≈#
#P^#8h#©.©#..#.Y@#.©#..#...#
.#P.#.#...#..##Y##.(#..#.8.#
P.#P.######..##§##.?#..#...#
#..#..#...#.#..p.^#.#..#.8.#
^#.^#!#...#.........#..#...#
#######...###########..#...#
........≈.............≈#.©.##
.......≈8≈............∩#.....
........≈.............≈#.©.##


You could see 2 death yaks and a necromancer.

Vanquished Creatures
  Gastronok (Lair:2)
  A very ugly thing (D:12)
  Snorg (D:11)
  4 hydras
  2 centaur warriors
  Erica (D:8)
  2 death yaks (Gauntlet)
  A two-headed ogre (D:14)
  Sonja (Lair:2)
  2 unseen horrors
  A wizard (D:14)
  A phantasmal warrior (D:14)
  A cyclops (D:12)
  2 wolf spiders (Lair:3)
  An ugly thing (D:13)
  A manticore (D:12)
  An elephant (D:9)
  4 black mambas
  3 spiny frogs (Lair:2)
  2 komodo dragons
  2 kobold demonologists (D:12)
  2 jumping spiders (Lair:3)
  3 trolls
  7 slime creatures
  A raiju (Gauntlet)
  4 hippogriffs
  A vampire (D:13)
  3 wraiths
  2 wyverns
  Eustachio (D:5)
  3 basilisks
  4 hogs (D:7)
  8 humans
  4 vampire mosquitoes (D:14)
  A soldier ant (D:12)
  4 wargs (D:11)
  An acid dragon (D:12)
  An insubstantial wisp (Lair:3)
  4 water moccasins
  4 porcupines
  2 sky beasts
  2 ice beasts
  5 orc warriors
  4 ogres
  4 wolves (Lair:2)
  11 centaurs
  5 crocodiles
  3 big kobolds
  15 bullfrogs
  A gnoll sergeant (D:9)
  A scorpion (D:8)
  A howler monkey (D:8)
  3 bullfrog zombies
  8 crimson imps
  A quasit (D:8)
  9 hounds
  3 orc priests
  5 jellies
  5 bullfrog skeletons
  5 centaur skeletons
  Crazy Yiuf (D:4)
  5 iguanas
  7 orc wizards
  11 worker ants
  A hound zombie (D:5)
  A howler monkey zombie (D:6)
  17 adders
  8 gnolls
  A river rat (D:14)
  A shadow imp (D:6)
  An adder skeleton (D:4)
  2 adder zombies
  A worm (D:4)
  8 leopard geckos
  27 orcs
  A ball python (D:4)
  5 bats (D:1)
  6 giant cockroaches
  8 goblins
  4 hobgoblins
  2 jackals (D:1)
  5 quokkas
  A ball python skeleton (D:4)
  6 frilled lizards
  16 kobolds
  A quokka skeleton (D:8)
  12 rats
  A spectral orc (D:4)
  2 fungi (Gauntlet)
  A plant (Gauntlet)
349 creatures vanquished.

Vanquished Creatures (collateral kills)
  An insubstantial wisp (Lair:3)
1 creature vanquished.

Vanquished Creatures (others)
  3 fungi
  4 plants
7 creatures vanquished.

Grand Total: 357 creatures vanquished

Notes
Turn   | Place    | Note
-------+----------+-------------------------------------------
     0 | D:1      | jasujeong the Deep Elf Fire Elementalist began the quest
                  | for the Orb.
     0 | D:1      | Reached XP level 1. HP: 10/10 MP: 6/6
   198 | D:1      | Reached XP level 2. HP: 15/15 MP: 6/8
   714 | D:1      | Reached XP level 3. HP: 19/19 MP: 8/10
   987 | D:2      | Found a shadowy altar of Dithmenos.
  1233 | D:2      | Noticed Sigmund
  1452 | D:1      | Learned a level 3 spell: Conjure Flame
  1474 | D:2      | Reached skill level 4 in Spellcasting
  1564 | D:2      | Found a glowing silver altar of Zin.
  1596 | D:2      | Reached XP level 4. HP: 24/24 MP: 10/12
  1615 | D:2      | Found a shimmering blue altar of Sif Muna.
  1619 | D:2      | Found a bloodstained altar of Trog.
  1624 | D:2      | Became a worshipper of Sif Muna the Loreminder
  1697 | D:2      | Learned a level 4 spell: Sticky Flame
  2200 | D:3      | Reached skill level 1 in Fighting
  2200 | D:3      | Reached skill level 1 in Armour
  2323 | D:3      | Found an ancient bone altar of Kikubaaqudgha.
  2381 | D:3      | Noticed a bullfrog
  2389 | D:3      | Killed a bullfrog
  2389 | D:3      | Reached XP level 5. HP: 20/29 MP: 4/13
  2765 | D:4      | Reached skill level 5 in Spellcasting
  2766 | D:4      | Reached XP level 6. HP: 34/34 MP: 9/15
  3170 | D:4      | Found a runed translucent door.
  3171 | D:4      | Noticed Crazy Yiuf
  3220 | D:4      | Found a basalt altar of Yredelemnul.
  3370 | D:4      | Found a staircase to the Ecumenical Temple.
  3805 | D:5      | Entered Level 5 of the Dungeon
  4036 | D:5      | Reached skill level 5 in Fire Magic
  4162 | D:5      | Noticed Eustachio
  4230 | D:5      | Killed Eustachio
  4230 | D:5      | Reached XP level 7. HP: 18/40 MP: 3/17
  4424 | D:5      | Found a sparkling altar of Nemelex Xobeh.
  4425 | D:5      | Gained mutation: You expend magic power (3 MP) to
                  | strengthen your wands. [potion of mutation]
  4425 | D:5      | Gained mutation: You are robust. (+10% HP) [potion of
                  | mutation]
  4425 | D:5      | Gained mutation: You are very robust. (+20% HP) [potion of
                  | mutation]
  4822 | D:5      | Found a shattered altar of Ashenzari.
  4961 | D:5      | Reached * piety under Sif Muna
  5405 | D:6      | Reached skill level 1 in Short Blades
  5792 | D:6      | Reached skill level 6 in Spellcasting
  5890 | D:5      | Reached XP level 8. HP: 22/54 MP: 6/19
  6680 | D:7      | Reached skill level 7 in Spellcasting
  7004 | D:7      | Reached skill level 5 in Conjurations
  7016 | D:7      | Reached skill level 8 in Spellcasting
  7020 | D:7      | Reached XP level 9. HP: 46/61 MP: 15/23
  7145 | D:7      | Found a shimmering altar of Xom.
  7213 | D:7      | Found an iron altar of Okawaru.
  7491 | D:7      | Found a blossoming altar of Fedhas.
  7788 | D:4      | Killed Crazy Yiuf
  7895 | D:8      | Noticed Erica
  7916 | D:8      | Reached ** piety under Sif Muna
  7925 | D:8      | Reached skill level 1 in Invocations
  8310 | D:8      | Reached skill level 9 in Spellcasting
  8613 | D:8      | Killed Erica
  8613 | D:8      | Reached skill level 5 in Armour
  9012 | D:9      | Reached XP level 10. HP: 67/67 MP: 9/25
  9178 | D:9      | Found a staircase to the Lair.
  9178 | D:9      | Noticed an elephant
  9192 | D:9      | Killed an elephant
  9223 | D:9      | Learned a level 5 spell: Fireball
  9578 | D:9      | Reached skill level 10 in Spellcasting
  9859 | D:9      | Found a staircase to the Orcish Mines.
  9954 | D:10     | Entered Level 10 of the Dungeon
 10504 | D:10     | Noticed an unseen horror
 10507 | D:10     | Killed an unseen horror
 10631 | D:10     | Found Xuthruis's Food Shop.
 10685 | D:10     | Reached *** piety under Sif Muna
 11519 | D:11     | Noticed a red ugly thing
 11538 | D:10     | Learned a level 3 spell: Call Canine Familiar
 11920 | D:11     | Noticed a six-headed hydra
 11924 | D:11     | Killed a six-headed hydra
 11924 | D:11     | Reached skill level 1 in Summonings
 11924 | D:11     | Reached XP level 11. HP: 55/74 MP: 13/27
 12025 | D:11     | Reached skill level 11 in Spellcasting
 12071 | D:11     | Noticed Snorg
 12086 | D:11     | Killed Snorg
 12794 | D:12     | Reached **** piety under Sif Muna
 12799 | D:12     | Reached skill level 1 in Throwing
 12982 | D:12     | Noticed an unseen horror
 12985 | D:12     | Killed an unseen horror
 12985 | D:12     | Reached skill level 5 in Fighting
 13508 | D:12     | Noticed a purple very ugly thing
 13522 | D:12     | Killed a purple very ugly thing
 13578 | D:11     | Reached skill level 10 in Fire Magic
 13671 | D:12     | Reached skill level 12 in Spellcasting
 13888 | D:12     | Learned a level 4 spell: Summon Lightning Spire
 14496 | D:13     | Noticed a purple ugly thing
 14505 | D:13     | Killed a purple ugly thing
 14713 | D:13     | Noticed a centaur warrior
 14715 | D:13     | Killed a centaur warrior
 14715 | D:13     | Reached skill level 1 in Air Magic
 14716 | D:13     | Reached XP level 12. HP: 81/81 MP: 11/30
 15642 | D:13     | Found Wuxeboni's General Store.
 15645 | D:13     | Bought 2 potions of heal wounds for 140 gold pieces
 15684 | D:13     | You fall into a shaft and drop 1 floor!
 15685 | D:14     | Noticed a centaur warrior
 15686 | D:14     | Killed a centaur warrior
 15692 | D:14     | Reached ***** piety under Sif Muna
 15954 | D:13     | Identified Sif Muna's Incunabulum of Supportive Cold (Sif
                  | Muna gifted it to you on level 13 of the Dungeon)
 15954 | D:13     | Received a gift from Sif Muna
 15966 | D:13     | Learned a level 4 spell: Throw Icicle
 16365 | D:14     | Noticed a two-headed ogre
 16381 | D:14     | Killed a two-headed ogre
 16435 | D:14     | Reached skill level 1 in Ice Magic
 16722 | D:14     | Noticed a death knight
 16741 | D:14     | Reached skill level 13 in Spellcasting
 17033 | Lair:1   | Entered Level 1 of the Lair of Beasts
 17455 | Lair:1   | Noticed a six-headed hydra
 17472 | Lair:1   | Killed a six-headed hydra
 18357 | Lair:2   | Noticed a seven-headed hydra
 18425 | Lair:2   | Noticed Sonja
 18436 | Lair:2   | Killed Sonja
 18456 | Lair:2   | Killed a seven-headed hydra
 18761 | Lair:2   | Found a basalt altar of Yredelemnul.
 19065 | Lair:2   | Noticed a five-headed hydra
 19072 | Lair:2   | Killed a five-headed hydra
 19676 | Lair:2   | Reached XP level 13. HP: 85/88 MP: 22/32
 19971 | Lair:3   | Noticed Gastronok
 19988 | Lair:2   | Killed Gastronok
 20248 | Lair:3   | Found a staircase to the Swamp.
 20608 | Lair:3   | Found a transporter.
 20612 | Lair:3   | Found a transporter.
 20612 | Lair:3   | Noticed Feulaj's ghost (journeyman MiBe)
 20616 | Lair:3   | Reached skill level 10 in Armour
 20616 | Lair:3   | Reached XP level 14. HP: 94/94 MP: 30/33
 20757 | Lair:3   | Found a hole to the Spider Nest.
 21270 | Lair:4   | Found a gate leading to a gauntlet.
 21276 | Gauntlet | Entered a Gauntlet
 21276 | Gauntlet | Found a transporter.
 21276 | Gauntlet | Found a transporter.
 21277 | Gauntlet | Found a transporter.
 21279 | Gauntlet | Found a transporter.
 21280 | Gauntlet | Found a transporter.
 21292 | Gauntlet | Found a transporter.
 21355 | Gauntlet | Found a transporter.
 21365 | Gauntlet | Found a transporter.
 21380 | Gauntlet | Found a transporter.
 21390 | Gauntlet | Found a transporter.
 21405 | Gauntlet | Found a transporter.
 21411 | Gauntlet | Found a transporter.
 21604 | Gauntlet | Learned a level 3 spell: Inner Flame
 21674 | Gauntlet | Slain by a death yak

Levels and vault maps discovered:
D:1:      minmay_arrival_five_plusses, layout_rooms
D:2:      layout_basic, overflow_temple_1_default, minitemple, uniq_sigmund
D:3:      layout_rooms, overflow_temple_1_default, first_ration,
          grunt_decor_one_mirror, minmay_divided_ellipse
D:4:      layout_cave_pools, yredelemnul_forgotten_temple_becter, temple_hall,
          chequers_serial_rivers_micro_c, uniq_crazy_yiuf_cottage
D:5:      layout_basic, nemelex_xobeh_ov_fountains_minmay, lemuel_round_altar,
          nicolae_sextant, uniq_eustachio
D:6:      layout_basic
D:7:      layout_loops_ring, xom_butterflies, lemuel_doored_altar,
          grunt_livestock, fedhas_altar_fruit_tree
D:8:      layout_basic, uniq_erica
D:9:      layout_roguey, david_lair_generic, orc_0_dummy
D:10:     layout_loops_corners, serial_shops, shop
D:11:     layout_roguey, nooodl_orcs_dogs, uniq_snorg
D:12:     layout_grid_maze
D:13:     layout_basic, serial_shops, nicolae_shop_behind_doors,
          minmay_fountain_box
D:14:     layout_loops_ring, grunt_vaults_entry_tiered, grunt_decor_clamped,
          pond
Lair:1:   layout_layer_cave
Lair:2:   layout_regular_city, basic_altar, uniq_sonja
Lair:3:   layout_big_grid, minmay_swamp_entry_wisps,
          spider_nest_entry_funnel_web, gammafunk_ghost_arena,
          lemuel_fruit_tree, grunt_megastairs_3, uniq_gastronok
Lair:4:   layout_cave_pods, gauntlet_entry_generic,
          nicolae_quartered_pool_little, beast_lair_carwin_1
Gauntlet: gammafunk_gauntlet_shortcut [gammafunk_gauntlet_arena_arrow_garden,
          nicolae_gauntlet_arena_blocks, gammafunk_gauntlet_arena_teeth,
          nicolae_gauntlet_arena_flowing_pool, nicolae_gauntlet_arena_quarters,
          nicolae_gauntlet_arena_grate_2, gauntlet_exit_spiral]

Skill      XL: |  1  2  3  4  5  6  7  8  9 10 11 12 13 14 |
---------------+-------------------------------------------+-----
Fire Magic     | 4 5 6 7 9 10 11 | 11.0
Spellcasting   | 4 5 6 8 9 10 12 13 | 13.0
Conjurations   | 2 3 4 5 6 7 9 |  9.8
Fighting       | 1 2 3 4 5 |  5.8
Armour         | 1 2 3 4 5 6 8 10 11 | 11.4
Short Blades   | 1 2 3 4 |  4.9
Invocations    | 2 3 4 |  4.1
Summonings     | 1 3 4 |  4.1
Throwing       | 1 |  1.1
Air Magic      | 1 2 |  2.5
Ice Magic      | 1 |  1.9
Dodging        | |  2.4
Stealth        | |  2.4

Action                   |  1- 3 |  4- 6 |  7- 9 | 10-12 | 13-15 || total
-------------------------+-------+-------+-------+-------+-------++-------
Melee: Short sword       |       |     5 |       |       |       ||     5
       Rapier            |       |       |   133 |    26 |    35 ||   194
       Dagger            |       |       |    54 |   238 |       ||   292
       Staff             |       |       |       |     3 |       ||     3
Throw: Boomerang         |       |       |     6 |       |     6 ||    12
       Dart              |       |       |    13 |    13 |       ||    26
 Cast: Flame Tongue      |    69 |   105 |   231 |   405 |    19 ||   829
       Conjure Flame     |       |     1 |     6 |    31 |     3 ||    41
       Sticky Flame      |       |     1 |     3 |    68 |    14 ||    86
       Fireball          |       |       |       |    25 |    11 ||    36
       Call Canine Famil |       |       |       |     4 |     6 ||    10
       Throw Icicle      |       |       |       |     7 |       ||     7
       Summon Lightning  |       |       |       |     1 |       ||     1
       Inner Flame       |       |       |       |       |     2 ||     2
Evoke: Wand              |       |       |       |     3 |     3 ||     6
       Sack of spiders   |       |       |       |       |     2 ||     2
  Use: Potion            |     1 |       |     1 |     2 |     4 ||     8
       Scroll            |       |       |     9 |     7 |    10 ||    26
 Stab: Paralysed         |       |       |       |     2 |     3 ||     5
       Distracted        |       |       |       |       |     1 ||     1
  Eat: Chunk             |     2 |     5 |    15 |    27 |     1 ||    50
       Ration            |       |     1 |       |     3 |     2 ||     6
Armor: Robe              |     6 |       |       |       |       ||     6
       Leather armour    |     3 |     2 |       |       |       ||     5
       Ring mail         |       |    31 |   131 |   132 |       ||   294
       Acid dragon scale |       |       |       |    48 |       ||    48
       Ice dragon scales |       |       |       |    24 |    31 ||    55
       Skin              |       |       |       |       |     1 ||     1
Dodge: Dodged            |    15 |    35 |   156 |   192 |    28 ||   426
